 Dungeon Crawl Stone Soup version 0.30.1 (webtiles) character file.

Game seed: 4002818194444735484

114 Peloso the Shield-Bearer (level 4, -7/38 (40) HPs)
             Began as a Minotaur Fighter on July 4, 2023.
             Mangled by Crazy Yiuf
             ... wielding a +3 quarterstaff of chaos
              (11 damage)
             ... on level 2 of the Dungeon.
             The game lasted 00:03:03 (2185 turns).

Peloso the Shield-Bearer (Minotaur Fighter)         Turns: 2185, Time: 00:03:04

HP:   -7/38 (40)    AC:  7    Str: 20    XL:     4   Next: 66%
MP:   3/3           EV:  9    Int:  5    God:
Gold: 103           SH:  5    Dex: 12    Spells: 3/3 levels left

rFire   . . .        a - +0 long sword
rCold   . . .        c - +0 buckler
rNeg    . . .        b - +0 scale mail
rPois   .            (helmet restricted)
rElec   .            (no cloak)
rCorr   .            (no gloves)
SInv    .            (no boots)
Will    .....        (no amulet) Stlth
                     (no ring)
HPRegen 0.26/turn    (no ring)
MPRegen 0.08/turn

%: no passive effects
@: drained
A: horns 2, retaliatory headbutt
a: no special abilities


You were on level 2 of the Dungeon.
You visited 1 branch of the dungeon, and saw 2 of its levels.

You collected 103 gold pieces.

Inventory:

Hand Weapons
 a - a +0 long sword (weapon)
Armour
 b - a +0 scale mail (worn)
 c - a +0 buckler (worn)
Scrolls
 e - a scroll of silence {unknown}
 f - a scroll of enchant weapon {unknown}
 g - a scroll of magic mapping {unknown}
 i - a scroll of fear {unknown}
 j - a scroll of identify {unknown}
 k - 4 scrolls of fog
Potions
 d - a potion of might


   Skills:
 + Level 4.2 Fighting
 + Level 4.4 Long Blades
 + Level 4.0 Armour
 + Level 4.7 Shields


You had 3 spell levels left.
You didn't know any spells.
Your spell library contained the following spells:

 Spells                   Type           Power      Damage    Failure   Level
 Lesser Beckoning         Tloc           0%         N/A       95%         2
 Gell's Gravitas          Tloc           0%         N/A       99%         3
 Portal Projectile        Hex/Tloc       0%         N/A       99%         3
 Teleport Other           Tloc           0%         N/A       99%         3
 Tukima's Dance           Hex            0%         N/A       99%         3
 Blade Hands              Tmut           0%         N/A       100%        5


Dungeon Overview and Level Annotations

Branches:
Dungeon (2/15)

Altars:

Annotations:
D:2 Crazy Yiuf


Innate Abilities, Weirdness & Mutations

You have a pair of horns on your head.
You reflexively headbutt those who attack you in melee.


Message History

The hobgoblin is heavily wounded.
The hobgoblin barely misses you.
You hit the hobgoblin but do no damage. You headbutt the hobgoblin.
You kill the hobgoblin!
You see here a hobgoblin corpse.
You see here a hobgoblin corpse.
There is an open door here.
There is an open door, spattered with blood here.
Things that are here:
a +0 whip; the felid corpse of Natasha Crazy Yiuf says, "Mama shoe spinner!"
Could not explore, unopened runed door.
Could not explore, unopened runed door.
Could not explore, unopened runed door.
Could not explore, unopened runed door.
You open the door. You hit Crazy Yiuf but do no damage.
You block Crazy Yiuf's attack. Crazy Yiuf closely misses you.
You furiously retaliate!
You headbutt Crazy Yiuf. You closely miss Crazy Yiuf.
Your headbutt misses Crazy Yiuf.
Crazy Yiuf is lightly wounded.
Crazy Yiuf hits you with a +3 quarterstaff of chaos.
Crazy Yiuf freezes you.
You hit Crazy Yiuf but do no damage. You headbutt Crazy Yiuf.
Crazy Yiuf is moderately wounded.
Crazy Yiuf grits, "Orb!"
Crazy Yiuf hits you with a +3 quarterstaff of chaos.
Crazy Yiuf burns you.
You closely miss Crazy Yiuf. You headbutt Crazy Yiuf!
Crazy Yiuf is almost dead.
Crazy Yiuf hits you with a +3 quarterstaff of chaos!
Space warps around you.
You closely miss Crazy Yiuf.
Crazy Yiuf is almost dead.
Crazy Yiuf hits you with a +3 quarterstaff of chaos!
* * * LOW HITPOINT WARNING * * *
You feel drained.
* * * LOW HITPOINT WARNING * * *
Crazy Yiuf hits you with a +3 quarterstaff of chaos!
You die...

.........#.#
#.............##.
#####..#.#.#
#.............##.
....#..#.#.#
#..<......[...##.
###.#..#.###
#########.....##.
###.#..#.# #.....##.
.......#.#
♣♣♣♣♣##.....##.
#####.(#.# ###
♣♣♣.♣...#.....##.
.......#.#
#...#♣..♣..........##.
#####.##.#
#...g@♣♣♣♣.........##.
#....# #)..#♣♣
♣♣..#.....##. ######
### ♣♣##.....###
#.....### ##'###...
###### ### #########
#.# #... .....# #.#
#.......###.# #...
.....# #.#
#...........# #...
.....# #.#
#.......##### #...


You could see Crazy Yiuf.

Vanquished Creatures
  Natasha (D:2)
  3 adders (D:2)
  A dart slug (D:1)
  3 bats
  5 endoplasms
  A giant cockroach (D:2)
  5 goblins (D:1)
  4 hobgoblins
  14 jackals
  4 kobolds
  A quokka (D:1)
  4 ball pythons
  3 frilled lizards
  6 rats
55 creatures vanquished.

Notes
Turn   | Place    | Note
-------+----------+-------------------------------------------
     0 | D:1      | Peloso the Minotaur Fighter began the quest for the Orb.
     0 | D:1      | Reached XP level 1. HP: 19/19 MP: 0/0
   282 | D:1      | Reached XP level 2. HP: 27/27 MP: 1/1
   561 | D:1      | Reached XP level 3. HP: 33/33 MP: 2/2
  1034 | D:2      | Found a runed translucent door.
  1035 | D:2      | Noticed Crazy Yiuf
  1376 | D:2      | Reached XP level 4. HP: 39/40 MP: 3/3
  1920 | D:2      | Noticed Natasha
  1944 | D:2      | Killed Natasha
  2185 | D:2      | Mangled by Crazy Yiuf

Illustrated notes

Levels and vault maps discovered:
D:1:      matt_arrival_los_fun, layout_basic
D:2:      layout_basic, uniq_crazy_yiuf_cottage, uniq_natasha

Skill      XL: |  1  2  3 |
---------------+----------+-----
Shields        | 4 |  4.7
Fighting       | 4 |  4.2
Long Blades    | 4 |  4.4
Armour         | 4 |  4.0

Action                     |  1- 3 |  4- 6 || total
---------------------------+-------+-------++-------
  Melee: Long sword        |   108 |    44 ||   152
         Headbutt          |    14 |     5 ||    19
    Use: Potion            |     5 |       ||     5
         Scroll            |     1 |       ||     1
 Armour: Scale mail        |    66 |    16 ||    82
  Dodge: Dodged            |    52 |    25 ||    77
  Block: Buckler           |    29 |     8 ||    37
